Map: Eastwatch LE

Players

TYTY (TY)

  • Race: Terran Terran
  • League: Master
  • Spawn Location: 1:00

Solar - Winner!

  • Race: Zerg Zerg
  • League: Master
  • Spawn Location: 7:00

Event: Memes & Dreams Invitational

VOD

https://www.youtube.com/watch?v=SQ_kKGjJUcU

Description

Time

  • Played on: April 15, 2018, 6:33 a.m.
  • Length: 14:57

All games in this series

Show
View Real Time Build Order
Export as new Build Order

TYTY Terran 

Build Orders: Gas First Reaper Expand, Liberator Opening, Reaper Expand, Bio Mine 

Get SALT Encoding   

  12  0:00  SCV  
  13  0:12  SCV  
  14  0:17  Supply Depot  
  14  0:24  SCV  
  14  0:27  Refinery  
  15  0:39  SCV  
  16  0:44  Barracks  
  16  0:51  SCV  
  17  1:03  SCV  
  18  1:15  SCV  
  19  1:30  Orbital Command  
  19  1:31  Reaper  
  20  1:43  Command Center  
  20  1:54  Factory  
  20  1:58  SCV  
  21  2:07  Barracks Reactor  
  21  2:12  SCV  
  21  2:13  Supply Depot  
  22  2:20  Refinery  
  22  2:24  SCV  
  23  2:36  SCV  
  24  2:44  Starport  
  24  2:48  Hellion x2  
  24  2:49  SCV  
  29  2:52  Marine  
  26  2:58  Orbital Command  
  30  3:01  SCV  
  31  3:09  Hellion  
  31  3:10  Barracks Tech Lab  
  33  3:14  Hellion  
  33  3:17  SCV  
  36  3:22  Medivac  
  36  3:25  SCV  
  39  3:30  SCV  
  40  3:36  Supply Depot  
  40  3:37  SCV  
  43  3:41  Hellion  
  43  3:42  SCV, Liberator  
  43  3:47  Hellion  
  46  3:57  SCV x2  
  46  4:00  Supply Depot  
  51  4:09  SCV x2  
  53  4:12  Hellion  
  53  4:15  Hellion  
  52  4:21  SCV x2  
  50  4:29  Command Center  
  50  4:34  SCV  
  50  4:35  Supply Depot  
  53  4:40  SCV  
  52  4:46  SCV  
  52  4:51  Marine x2, Bunker, Siege Tank  
  58  4:52  SCV  
  58  4:58  SCV  
  60  5:01  Barracks  
  60  5:05  SCV  
  60  5:06  Barracks  
  61  5:08  Marine x2  
  61  5:12  SCV  
  64  5:17  Supply Depot, SCV  
  64  5:21  Engineering Bay x2  
  65  5:23  Siege Tank  
  65  5:24  SCV  
  65  5:27  Marine  
  70  5:37  Bunker  
  70  5:39  Marine, SCV x2  
  70  5:42  Orbital Command  
  73  5:48  Barracks Tech Lab  
  73  5:49  Marine  
  72  5:51  Bunker, SCV  
  72  5:53  Terran Infantry Weapons Level 1  
  72  5:55  Siege Tank, Terran Infantry Armor Level 1  
  72  5:56  Marine  
  77  5:58  Barracks Tech Lab  
  77  6:05  Supply Depot  
  77  6:07  Marine  
  78  6:11  Marine  
  78  6:13  Stimpack, SCV x3  
  78  6:14  Marine  
  83  6:19  Marine  
  83  6:24  Marine  
  83  6:25  Starport Reactor  
  85  6:27  Siege Tank  
  85  6:28  SCV x2  
  85  6:29  Marine, Refinery  
  85  6:30  Orbital Command  
  85  6:31  Refinery  
  91  6:35  Supply Depot  
  91  6:36  Marine  
  91  6:37  Marine  
  93  6:47  Supply Depot  
  93  6:53  Barracks  
  93  6:55  Barracks  
  93  6:56  Supply Depot, Marine x3, SCV x2, Combat Shields  
  93  7:00  SCV  
  99  7:04  Supply Depot  
  99  7:05  Supply Depot, Medivac  
  101  7:09  SCV x2  
  101  7:11  Supply Depot  
  101  7:12  Marine, SCV  
  101  7:14  Marine x2  
  107  7:15  Armory  
  107  7:17  Supply Depot x2  
  107  7:21  Medivac, SCV x2  
  111  7:22  Marine  
  111  7:28  SCV  
  113  7:30  Marine  
  113  7:32  Marine x2  
  113  7:36  Supply Depot, Siege Tank  
  119  7:39  Missile Turret, SCV  
  119  7:40  Marine  
  119  7:41  SCV x2  
  119  7:43  Barracks Reactor  
  123  7:45  Barracks Reactor  
  123  7:47  Marine  
  123  7:49  Marine  
  125  7:51  Marine  
  125  7:52  SCV  
  125  7:55  SCV  
  125  7:56  SCV  
  125  7:58  Marine, Refinery  
  129  8:05  Marine  
  130  8:07  Marine  
  130  8:09  Marine  
  133  8:17  Marine  
  133  8:18  SCV x2  
  136  8:23  Marine  
  136  8:25  Marine x4, Medivac x2  
  136  8:26  SCV  
  149  8:27  Marine x2  
  149  8:30  SCV  
  149  8:33  SCV  
  153  8:35  Marine, Terran Infantry Weapons Level 2  
  153  8:38  SCV  
  153  8:41  Marine  
  152  8:42  Terran Infantry Armor Level 2, SCV  
  152  8:43  Marine x2  
  152  8:45  SCV  
  152  8:47  Thor  
  160  8:49  Marine x3, Command Center  
  160  8:51  Refinery  
  163  8:58  Medivac  
  163  9:01  Marine x3  
  168  9:03  Supply Depot  
  168  9:07  SCV x3  
  169  9:11  Marine x3  
  169  9:13  Missile Turret  
  169  9:14  Missile Turret  
  172  9:18  Medivac  
  172  9:20  Marine  
  172  9:21  Marine, Supply Depot  
  172  9:22  Supply Depot  
  173  9:24  Marine x3  
  173  9:27  Terran Vehicle Weapons Level 1  
  173  9:29  Marine  
  173  9:30  Factory  
  177  9:35  SCV x2  
  179  9:42  Thor  
  179  9:45  Medivac  
  184  9:47  Marine x2  
  184  9:48  Marine x4, Marauder  
  192  9:53  Barracks  
  195  10:06  Missile Turret  
  195  10:07  Marine x3  
  195  10:08  Marine x2, Marauder, Sensor Tower  
  199  10:27  Thor  
  196  10:31  Marine x2, Marauder  
  199  10:44  Factory Reactor  
  180  10:57  Barracks Tech Lab, Marauder x2  
  180  11:00  Planetary Fortress  
  180  11:03  Refinery  
  179  11:04  Missile Turret, Refinery  
  179  11:05  Barracks  
  179  11:06  Barracks  
  179  11:09  Thor  
  179  11:10  Marine x5  
  179  11:11  SCV x3  
  182  11:18  Marauder x2  
  187  11:20  Missile Turret x2  
  187  11:21  Widow Mine x2  
  187  11:22  Drilling Claws  
  187  11:24  Terran Infantry Weapons Level 3  
  187  11:25  Terran Infantry Armor Level 3  
  191  11:33  Marine x2  
  191  11:34  Marauder  
  191  11:39  Marauder  
  187  11:40  Marauder  
  187  11:43  Widow Mine x2  
  187  11:47  Marine x3  
  147  11:51  SCV x2  
  147  11:52  Marine  
  136  12:01  Marine x3, Widow Mine, Marauder  
  119  12:04  Marine x2, Widow Mine  
  119  12:06  Barracks Tech Lab  
  124  12:10  Marine x2, Missile Turret  
  124  12:12  Barracks Reactor  
  124  12:13  Barracks Tech Lab  
  126  12:18  Widow Mine  
  126  12:20  Marauder  
  126  12:22  Marauder, Thor  
  138  12:28  Marine x4, Marauder  
  144  12:32  Widow Mine  
  144  12:37  Marine  
  146  12:40  Marine x2, Widow Mine  
  146  12:41  Marauder  
  153  12:48  Orbital Command  
  153  12:52  Marine  
  153  12:53  Marine, Marauder x2  
  153  12:54  Widow Mine  
  153  12:55  Marine x3  
  153  12:56  Marine  
  165  13:00  Marine x3  
  168  13:07  Marine, Concussive Shells  
  168  13:10  Marine x2  
  171  13:12  Marine  
  171  13:18  Marine x4  
  176  13:25  Marine x5  
  177  13:28  Marine  
  176  13:34  Marine x2  
  176  13:35  Marine x4  
  176  13:39  Widow Mine x2  
  186  13:41  Medivac  
  186  13:45  Medivac  
  188  13:52  Marine  
  188  13:53  Marine  
  188  13:54  Marine x2  
  179  14:01  Marine x4  
  169  14:07  SCV x2  
  169  14:08  SCV  
  167  14:11  Medivac  
  167  14:13  Ghost Academy  
  167  14:15  Medivac  
  170  14:19  Marine, Marauder x2  
  173  14:24  Command Center  
  173  14:26  Marine x2  
  173  14:27  Supply Depot  
  173  14:28  Marine x2  
  173  14:38  Marine x2  
Show
View Real Time Build Order
Export as new Build Order

Solar Zerg - Winner!

Build Orders: Hatch First, Muta Ling Bane 

Get SALT Encoding   

  12  0:02  Drone  
  13  0:12  Overlord  
  13  0:17  Drone  
  14  0:31  Drone x2  
  14  0:34  Drone  
  17  0:51  Hatchery  
  17  0:55  Drone  
  17  0:57  Drone  
  17  1:03  Extractor  
  17  1:12  Spawning Pool  
  17  1:17  Drone  
  17  1:19  Drone  
  18  1:29  Drone  
  19  1:39  Overlord  
  19  2:00  Queen, Zergling x4  
  23  2:03  Queen  
  23  2:04  Drone  
  23  2:05  Metabolic Boost  
  26  2:10  Drone  
  26  2:14  Drone  
  28  2:30  Hatchery  
  28  2:36  Spore Crawler  
  26  2:37  Drone  
  26  2:40  Drone  
  29  2:45  Queen  
  29  2:48  Drone  
  32  2:52  Overlord  
  32  2:55  Drone  
  33  2:58  Drone  
  33  3:03  Drone  
  33  3:04  Drone  
  36  3:14  Drone x2  
  38  3:20  Drone x2  
  38  3:22  Zergling x4  
  38  3:23  Overlord  
  42  3:33  Drone  
  42  3:34  Drone  
  44  3:45  Queen  
  44  3:46  Roach Warren  
  44  3:47  Drone x4  
  44  3:48  Zergling x4  
  51  3:52  Queen  
  51  3:55  Zergling x2  
  54  3:58  Zergling x2  
  54  4:00  Zergling x2  
  56  4:03  Overlord  
  56  4:04  Zergling x2  
  56  4:09  Zergling x4  
  51  4:19  Drone x6  
  51  4:23  Drone  
  51  4:24  Drone  
  56  4:35  Roach x3  
  62  4:40  Extractor, Drone  
  62  4:41  Drone, Extractor  
  62  4:44  Drone  
  63  4:46  Overlord  
  63  4:49  Drone  
  63  4:51  Drone  
  65  4:55  Overlord  
  65  4:58  Overlord  
  65  5:04  Overlord  
  65  5:07  Drone x3  
  65  5:09  Ravager x2  
  65  5:12  Drone x2  
  65  5:14  Drone  
  73  5:16  Drone x2  
  75  5:21  Ravager  
  75  5:22  Overlord  
  75  5:23  Drone  
  77  5:28  Spore Crawler  
  77  5:29  Spore Crawler, Drone  
  77  5:30  Drone  
  77  5:33  Drone  
  79  5:35  Drone x2  
  79  5:37  Drone  
  81  5:43  Lair  
  81  5:44  Drone  
  81  5:46  Drone  
  81  5:47  Drone x2  
  81  5:48  Drone  
  86  5:51  Drone  
  86  5:53  Drone  
  86  5:54  Drone  
  86  5:55  Zergling x4  
  91  5:57  Zergling x2  
  91  5:59  Drone  
  91  6:03  Evolution Chamber  
  91  6:04  Evolution Chamber  
  91  6:06  Drone x2  
  91  6:08  Drone, Extractor  
  91  6:09  Extractor  
  91  6:11  Drone x3  
  91  6:13  Drone x2  
  91  6:18  Overlord  
  96  6:21  Baneling Nest  
  96  6:22  Drone x2  
  96  6:23  Drone  
  97  6:28  Overlord  
  97  6:30  Extractor  
  97  6:32  Zerg Ground Armor Level 1, Zerg Melee Weapons Level 1  
  96  6:36  Drone x3  
  96  6:37  Zergling x6  
  102  6:41  Overlord  
  102  6:46  Spire  
  101  6:50  Zergling x10  
  106  6:56  Overlord  
  106  6:58  Overlord x2  
  106  7:05  Hatchery  
  104  7:09  Centrifical Hooks  
  104  7:11  Drone  
  104  7:12  Baneling  
  104  7:13  Baneling x7  
  104  7:15  Baneling x2, Overseer  
  105  7:17  Zergling x6  
  105  7:22  Zergling x8  
  112  7:23  Zergling x2  
  112  7:24  Zergling x2  
  112  7:26  Zergling x4  
  116  7:30  Zergling x6  
  116  7:31  Zergling x2  
  116  7:32  Zergling x2  
  116  7:33  Zergling x2  
  116  7:34  Zergling x2  
  123  7:41  Overlord  
  123  7:46  Zergling x8  
  123  7:47  Zergling x2  
  128  7:52  Overlord  
  128  7:58  Baneling x2  
  128  8:04  Mutalisk x8  
  144  8:09  Mutalisk  
  143  8:15  Zergling x2  
  143  8:16  Zergling x8  
  147  8:20  Zergling x2  
  147  8:23  Zergling x2  
  147  8:24  Zergling x2  
  147  8:25  Baneling x9  
  147  8:26  Baneling  
  150  8:27  Zergling x12  
  144  8:49  Overlord x6  
  144  8:55  Overlord  
  144  8:59  Overlord  
  144  9:05  Queen  
  144  9:06  Overlord  
  144  9:07  Zerg Ground Armor Level 2, Zerg Melee Weapons Level 2  
  144  9:08  Drone x3  
  144  9:09  Drone x3  
  150  9:12  Mutalisk  
  152  9:18  Zerg Flyer Weapons Level 1, Drone  
  152  9:19  Drone x2  
  152  9:20  Drone  
  152  9:22  Drone  
  152  9:23  Drone  
  152  9:24  Drone  
  159  9:26  Mutalisk  
  159  9:30  Mutalisk x2  
  165  9:36  Zergling x8  
  169  9:41  Zergling x8  
  172  9:46  Zergling x10  
  172  9:49  Zergling x4  
  179  10:01  Drone x2  
  179  10:04  Infestation Pit  
  179  10:06  Zergling x14  
  186  10:12  Mutalisk x3, Hatchery  
  191  10:14  Baneling  
  191  10:15  Baneling  
  191  10:17  Baneling x5  
  190  10:27  Zergling x6  
  190  10:28  Baneling, Zergling x16  
  194  10:31  Baneling x5  
  193  10:40  Zergling x12  
  198  10:46  Hive  
  198  10:48  Zergling x6  
  198  11:00  Zergling x2  
  198  11:01  Baneling x8  
  198  11:02  Baneling x10  
  199  11:14  Baneling  
  199  11:15  Baneling x14  
  199  11:16  Baneling  
  199  11:20  Hatchery  
  199  11:22  Baneling  
  199  11:23  Baneling x3  
  176  11:43  Zergling x2  
  176  11:44  Zergling x2  
  176  11:45  Zergling x26  
  176  11:46  Zergling x2  
  176  11:47  Zergling x18  
  162  11:48  Zergling x2  
  162  11:49  Zergling x2  
  163  11:56  Zergling x2  
  163  11:57  Zergling x2  
  163  12:00  Zergling x4  
  156  12:08  Adrenal Glands  
  153  12:10  Drone x4, Ultralisk Cavern  
  153  12:11  Extractor  
  153  12:13  Baneling x12  
  153  12:14  Baneling x4  
  153  12:15  Zergling x2  
  156  12:20  Zergling x2  
  156  12:21  Zergling x4  
  159  12:25  Zergling x2  
  159  12:29  Zergling x2  
  161  12:34  Zergling x8  
  161  12:36  Zergling x10  
  161  12:37  Zergling x4  
  173  12:44  Zergling x10  
  173  12:47  Baneling x9  
  173  12:50  Zergling x10  
  182  12:57  Chitinous Plating  
  182  13:00  Ultralisk x2  
  194  13:14  Baneling  
  194  13:15  Baneling x10  
  191  13:36  Ultralisk, Zergling x4  
  195  13:55  Ultralisk x2, Zergling x10  
  192  14:06  Ultralisk, Zergling x2  
  192  14:07  Zergling x44  
  198  14:14  Zergling x2  
  199  14:27  Baneling  
  199  14:28  Baneling x15  
  197  14:31  Zergling x2  
  197  14:33  Zergling x2  
  176  14:51  Hatchery  
Tags
 
Add a new tag
Caveats
  • Supply blocks, unpowered buildings, or Contaminate may cause inaccurate times.
  • Supply counts are checked every 10 seconds.